 Dungeon Crawl Stone Soup version 0.25-a0-670-g50981ef59b (webtiles) character file.

Game seed: 14830998991351769009, levelgen mode: deterministic

674 NinaNina the Ruffian (level 7, -1/67 HPs)
             Began as a Troll Monk on Mar 29, 2020.
             Slain by an orc warrior
             ... wielding a +0 glaive
              (9 damage)
             ... on level 3 of the Dungeon.
             The game lasted 00:09:04 (1848 turns).

NinaNina the Ruffian (Troll Monk)                   Turns: 1848, Time: 00:09:05

Health: -1/67      AC:  6    Str: 22    XL:     7   Next: 33%
Magic:  6/6        EV: 11    Int:  6    God:
Gold:   80         SH:  0    Dex: 12    Spells: 6/6 levels left

rFire    + . .     SeeInvis .     - Unarmed
rCold    x . .     Gourm    +   (no shield)
rNeg     . . .     Faith    .   a - +0 robe
rPois    .         Spirit   .   (helmet restricted)
rElec    .         Reflect  .   (no cloak)
rCorr    .         Harm     .   (gloves unavailable)
MR       .....                  (boots unavailable)
Stlth    +.........             (no amulet)
HPRegen  0.61/turn              c - ring of fire
MPRegen  0.10/turn              i - ring of attention (curse)

@: no status effects
A: large, unfitting armour, claws 3, fast metabolism 3, gourmand, regeneration
1, shaggy fur 1, tough skin 3
a: no special abilities


You were on level 3 of the Dungeon.
You were very full.

You visited 1 branch of the dungeon, and saw 3 of its levels.

You collected 80 gold pieces.

Inventory:

Armour
 a - a +0 robe (worn)
Jewellery
 c - a ring of fire (left claw)
 i - a cursed ring of attention (right claw)
 j - an uncursed ring of wizardry
Scrolls
 e - a scroll of remove curse {unknown}
 f - 4 scrolls of identify {unknown}
 g - a scroll of noise {unknown}
Potions
 d - 2 potions of berserk rage
 h - a potion of magic {unknown}
 l - a potion of stabbing {unknown}
 m - a potion of lignification {unknown}
Comestibles
 b - 5 rations
 k - a chunk of flesh


   Skills:
 + Level 3.6 Fighting
 + Level 4.4 Dodging
 + Level 1.2 Stealth
 + Level 6.4 Unarmed Combat


You had 6 spell levels left.
You didn't know any spells.
Your spell library was empty.

Dungeon Overview and Level Annotations

Branches:
Dungeon (3/15)

Altars:


Innate Abilities, Weirdness & Mutations

You are too large for most types of armour.
You have claws for hands.
Your metabolism is lightning-fast.
You like to eat raw meat.
Your natural rate of healing is unusually fast.
You are covered in fur. (AC +1)
You have extremely tough skin. (AC +3)


Message History

You mangle the orc!!
You kill the orc!
The orc warrior hits you from afar with a +0 glaive!
The orc warrior barely misses you.
The orc warrior hits you from afar with a +0 glaive.
The orc warrior closely misses you.
You closely miss the orc warrior. You claw the orc warrior!
The orc warrior is heavily wounded.
The orc warrior hits you with a +0 glaive!!
You closely miss the orc warrior.
The orc warrior is heavily wounded.
The orc warrior hits you with a +0 glaive!!
* * * LOW HITPOINT WARNING * * *
You scratch the orc warrior.
The orc warrior is heavily wounded.
You closely miss the orc warrior.
The orc warrior is heavily wounded.
The orc warrior hits you with a +0 glaive!
You die...

#.........♣♣♣ ♣♣♣♣...♣♣
#.###♣♣♣♣♣..♣♣♣....♣♣..
#...# ♣♣♣....♣♣♣♣♣♣♣
#.##### ♣♣♣♣♣♣ ♣ #.#
#.# #.# #.#####
#.###.##..# #.........#
#.....@..## #####o####
#..#.# #.#.## #.###
#.## #..## ##..>####
#.......+


You could see an orc warrior.

Vanquished Creatures
  Grinder (D:3)
  Sigmund (D:2)
  An ice beast (D:3)
  An orc priest (D:3)
  A centaur skeleton (D:2)
  Natasha (twice) (D:2)
  5 adders
  A gnoll (D:3)
  4 worms
  A leopard gecko (D:2)
  5 orcs (D:3)
  A ball python (D:3)
  6 bats
  6 giant cockroaches
  8 goblins
  4 hobgoblins
  2 quokkas
  7 kobolds
  6 rats
63 creatures vanquished.

Notes
Turn   | Place    | Note
-------+----------+-------------------------------------------
     0 | D:1      | NinaNina the Troll Monk began the quest for the Orb.
     0 | D:1      | Reached XP level 1. HP: 22/22 MP: 0/0
   110 | D:1      | Reached XP level 2. HP: 29/29 MP: 1/1
   127 | D:1      | You fall into a shaft and drop 1 floor!
   145 | D:2      | Reached XP level 3. HP: 14/36 MP: 2/2
   326 | D:2      | Reached XP level 4. HP: 25/44 MP: 3/3
   426 | D:2      | Noticed Sigmund
   436 | D:2      | Killed Sigmund
   436 | D:2      | Reached skill level 4 in Unarmed Combat
   436 | D:2      | Reached XP level 5. HP: 46/53 MP: 4/4
   502 | D:2      | Noticed Natasha
   508 | D:2      | Killed Natasha
   599 | D:2      | Reached XP level 6. HP: 61/61 MP: 5/5
   683 | D:2      | Noticed Natasha
   689 | D:2      | Killed Natasha
   689 | D:2      | Reached skill level 5 in Unarmed Combat
  1115 | D:3      | Noticed Grinder
  1165 | D:3      | Killed Grinder
  1165 | D:3      | Reached XP level 7. HP: 30/67 MP: 6/6
  1330 | D:3      | Reached skill level 6 in Unarmed Combat
  1848 | D:3      | Slain by an orc warrior

Levels and vault maps discovered:
D:1:      ncdulo_watergridlock, layout_basic
D:2:      layout_basic, first_ration, uniq_sigmund, uniq_natasha
D:3:      kb_forest_paths, layout_loops_corners, minmay_close_crescents,
          uniq_grinder

Skill      XL: |  1  2  3  4  5  6  7 |
---------------+----------------------+-----
Dodging        | 3 4 |  4.4
Fighting       | 3 |  3.6
Unarmed Combat | 4 5 6 |  6.4
Stealth        | |  1.2

Action                   |  1- 3 |  4- 6 |  7- 9 || total
-------------------------+-------+-------+-------++-------
Melee: Unarmed           |    67 |    79 |    48 ||   194
       Punch             |     2 |       |     3 ||     5
  Use: Potion            |       |     1 |       ||     1
  Eat: Chunk             |     3 |    13 |     6 ||    22
Armor: Robe              |    44 |    17 |    17 ||    78
Dodge: Dodged            |    68 |    37 |    27 ||   132

Table legend:
 A = Non-vault XP
 B = Vault XP
 C = Vault XP percentage of total XP
 D = Non-vault monster count
 E = Vault monster count
 F = Vault count percentage of total count
                 A         B        C        D         E       F
            +---------+---------+-------+---------+---------+-------
      Total |     244 |     720 |  74.7 |      48 |      15 |  23.8
            +---------+---------+-------+---------+---------+-------
        D:1 |      18 |       0 |   0.0 |      11 |       0 |   0.0
        D:2 |     151 |     255 |  62.8 |      24 |       2 |   7.7
        D:3 |      75 |     465 |  86.1 |      13 |      13 |  50.0
            +---------+---------+-------+---------+---------+-------
